AoeStats
← DippityDang

Nomad

508575014Analyzed
4v4 RM · 10d ago on Sep 23, 2026· 18m 43s· 8 players
Game mode
Random Map
Map size
231×231
Population
200
Speed
Normal
Resources
Standard
Victory
Conquest
Starting age
Dark Age
Ending age
Imperial Age
RankedLock teamsTeams togetherTeam positionsShared explorationLock speedFull tech treeHidden civsTurbo modeCheats
Victory
Defeat
🇺🇸 Spanish · United States
1806
+3
🇺🇸 Koreans · United States
1574
+9
🇨🇳 Danes · China
1446
+14
🇨🇳 Varangians · China
1444
+14
🇦🇷 Italians · Argentina
1575
-17
🇵🇪 Koreans · Peru
1367
-8
🇹🇷 Spanish · Türkiye
1358
-8
🇵🇪 Japanese · Peru
1338
-7
DippityDang
13:10 Feudal Age
16:42 Castle Age
15:44 Double-Bit Axe
15:52 Fletching
17:35 Bow Saw
17:20 Horse Collar
18:02 Loom
Prigozhin
13:21 Feudal Age
12:23 Loom
17:10 Castle Age
15:48 Double-Bit Axe
17:16 Fletching
19:18 Bow Saw
i'm a pupil
4:44 Loom
13:54 Feudal Age
18:23 Castle Age
16:14 Double-Bit Axe
16:35 Fishing Lines
18:25 Gold Mining
E@GLE
5:33 Loom
12:47 Feudal Age
16:57 Castle Age
15:19 Double-Bit Axe
16:46 Fishing Lines
17:02 Gold Mining
17:55 Horse Collar
19:27 Bow Saw
19:17 Heavy Plow
Turkalibx
3:17 Loom
13:26 Feudal Age
18:24 Castle Age
18:33 Padded Archer Armor
18:26 Stone Mining
Eevee Queen
5:07 Loom
15:05 Feudal Age
18:56 Castle Age
17:47 Horse Collar
18:11 Fletching
18:41 Double-Bit Axe
Meowth
4:40 Loom
12:40 Feudal Age
13:22 Double-Bit Axe
15:03 Fishing Lines
15:55 Fletching
Teutonio
6:44 Loom
13:51 Feudal Age
14:44 Town Watch
15:02 Double-Bit Axe
Connection lost

Rejoining the realm…

Still unreachable

The connection could not be restored.

Session expired

The server has moved on; the page needs a fresh start.